 Dungeon Crawl Stone Soup version bcrawl-1.39.1 (webtiles) character file.

Game seed: 1955747211541030068

296470 kosoiffoigrumme1174 the Nimble (level 9, -9/49 HPs)
             Began as a Twilight Stalker Chaos Knight on Sept 23, 2023.
             Was a Believer of Okawaru.
             Mangled by a moth of wrath (15 damage)
             ... on level 6 of the Dungeon.
             The game lasted 00:12:02 (5579 turns).

kosoiffoigrumme1174 the Nimble (VSCK)               Turns: 5579, Time: 00:12:03

Health: -9/49      AC:  7    Str: 15    XL:     9   Next: 44%
Magic:  13/14      EV: 26    Int: 18    God:    Okawaru [**....]
Gold:   284        SH:  0    Dex: 21    Spells: 8/8 levels left

rFire    . . .     GDR:     36% a - +4 scythe
rCold    . . .     SeeInvis .   (shield currently unavailable)
rNeg     . . .     Gourm    .   s - +2 leather armour
rPois    .         Faith    .   (no helmet)
rElec    .         Spirit   .   (no cloak)
rCorr    .         Reflect  .   o - +0 pair of gloves
MR       +....                  (no boots)
Stlth    ++++++....             (no amulet)
HPRegen  0.58/turn              k - ring of protection from magic
MPRegen  0.14/turn              t - +6 ring of intelligence

@: heroism
A: fangs 3, agile 2, nightstalker 1, regeneration 1, no potion heal 3, rot
immunity, draining bite, strong jaws, assimilated armour
a: Heroism, Renounce Religion


You were on level 6 of the Dungeon.
You worshipped Okawaru.
Okawaru was pleased with you.
You were hungry.

You visited 2 branches of the dungeon, and saw 8 of its levels.

You collected 284 gold pieces.

Inventory:

Hand Weapons
 a - a +4 scythe (weapon)
 y - a +0 short sword of chaos
Missiles
 d - 1155 stones (quivered)
 l - 760 sling bullets
Armour
 o - a +0 pair of gloves (worn)
 s - a +2 leather armour (worn)
 x - a +2 helmet
Jewellery
 k - a ring of protection from magic (left hand)
 t - a +6 ring of intelligence (right hand)
 A - a cursed amulet of inaccuracy {unknown}
Scrolls
 b - a scroll of enchant armour {unknown}
 c - 3 scrolls of teleportation
 f - 4 scrolls of enchant weapon
 g - 7 scrolls of remove curse
 i - 2 scrolls of identify
 j - a scroll of noise {unknown}
 n - a scroll of revelation {unknown}
 r - a scroll of fear {unknown}
 w - 2 scrolls of immolation
Potions
 h - 2 potions of ambrosia {unknown}
 m - 2 potions of brilliance {unknown}
 p - 3 potions of lignification {unknown}
 q - a potion of curing {unknown}
 u - 2 potions of haste {unknown}
 v - a potion of heal wounds {unknown}
 z - a potion of agility {unknown}
Comestibles
 e - 10 rations {!d}


   Skills:
 - Level 2.6(7.6) Fighting
 - Level 2.6(7.6) Short Blades
 - Level 0.7(5.7) Armour
 - Level 10.0(15.0) Dodging
 - Level 7.8(12.8) Stealth
 + Level 6.4 Invocations


You had 8 spell levels left.
You didn't know any spells.
Your spell library was empty.

Dungeon Overview and Level Annotations

Branches:
Dungeon (7/12)             Temple (1/1) D:4
   Lair: D:7-9

Altars:
Ashenzari
Cheibriados
Dithmenos
Fedhas
Gozag
Hepliaklqana
Kikubaaqudgha
Lugonu
Makhleb
Nemelex Xobeh
Okawaru
Qazlal
Ru
Sif Muna
Trog
Uskayaw
Vehumet
Wu Jian
Xom
Yredelemnul
Zin
The Shining One

Annotations:
D:4 1 exclusion


Innate Abilities, Weirdness & Mutations

You have razor-sharp teeth.
You are slightly more attuned to the shadows.
Your natural rate of healing is unusually fast.
Potions cannot restore your health.
You are immune to rotting.
Your bite drains your enemy's life force.
Your bites deal extra damage.
Your stealth is less affected by armour.
You are very agile. (Dex +4)


Message History

There is a stone staircase leading down here.
You slash the moth of wrath! Your bite misses the moth of wrath.
The moth of wrath is moderately wounded.
The moth of wrath completely misses you.
You hit the moth of wrath.
The moth of wrath is moderately wounded.
The moth of wrath completely misses you.
You hit the moth of wrath. Your bite misses the moth of wrath.
The moth of wrath is heavily wounded.
The moth of wrath seems less confused.
The moth of wrath bites you!
* * * LOW HITPOINT WARNING * * *
The moth of wrath closely misses you.
You slice the moth of wrath!!
The moth of wrath is almost dead. "Fight to survive, mortal."
The moth of wrath bites you!
* * * LOW HITPOINT WARNING * * *
The moth of wrath bites you!
You die...
Xom chortles!

######### #.....<.# #####.##....#
##### #........#..# #....
..#.#.##....###### #.###
##....###........# ####.# #
#.....#####<####O# #....###
##..........# #y# #.......
##.######### #@# #....### #.# #Z#
##.#.... #.# ##Z# #.##### ##+##
#..# ####.##### ##.^.## #.##
#........# #.....## ###.#
#.##.###.# .......## ##.#.#
#.##.###.#
........####....########.#...##.#
........'....^.))...............'


You could see a moth of wrath, an ogre, a bullfrog zombie and a howler monkey
zombie.

Vanquished Creatures
  2 hippogriffs
  Sigmund (D:4)
  Duvessa (D:6)
  3 black bears
  2 sky beasts
  An ogre (D:5)
  A bullfrog (D:5)
  Dowan (D:6)
  2 centaurs
  A scorpion (D:4)
  A water moccasin skeleton (D:7)
  A jelly (D:7)
  2 orc priests (D:3)
  4 crimson imps
  3 orc wizards (D:3)
  2 bullfrog skeletons (D:4)
  A hound (D:7)
  3 iguanas
  2 worker ants
  2 hound skeletons (D:6)
  A worker ant zombie (D:6)
  4 gnolls
  6 adders
  A shadow imp (D:6)
  3 adder skeletons
  6 worms
  3 dart slugs
  9 leopard geckos
  12 orcs
  4 giant cockroaches (D:1)
  10 goblins
  11 hobgoblins
  4 jackals (D:4)
  3 quokkas
  2 ball pythons
  6 bats
  14 kobolds
  6 rats
141 creatures vanquished.

Vanquished Creatures (collateral kills)
  An orc wizard (D:3)
1 creature vanquished.

Grand Total: 142 creatures vanquished

Notes
Turn   | Place    | Note
-------+----------+-------------------------------------------
     0 | D:1      | kosoiffoigrumme1174 the Vine Stalker Chaos Knight began the
                  | quest for the Orb.
     0 | D:1      | Reached XP level 1. HP: 13/13 MP: 2/2
    59 | D:1      | Reached skill level 1 in Stealth
    59 | D:1      | XOM: butterfly on damage
   119 | D:1      | Reached XP level 2. HP: 18/18 MP: 3/3
   291 | D:1      | Reached XP level 3. HP: 20/22 MP: 4/4
   341 | D:1      | XOM: harmless Conj miscast
   786 | D:2      | XOM: harmless Pois miscast
   937 | D:2      | Reached skill level 5 in Stealth
   968 | D:2      | XOM: silly message
   991 | D:2      | Found a shimmering altar of Xom.
   992 | D:2      | Found a hazy altar of Hepliaklqana.
   992 | D:2      | Noticed a thorn hunter
   993 | D:2      | Noticed a thorn hunter
   993 | D:2      | Noticed a spectral ugly thing
  1022 | D:2      | Reached XP level 4. HP: 27/27 MP: 5/5
  1107 | D:2      | XOM: silly message
  1187 | D:2      | Reached XP level 5. HP: 27/31 MP: 6/6
  1273 | D:2      | XOM: divination: magic mapping
  1370 | D:2      | XOM: silly message
  1653 | D:3      | XOM: harmless Conj miscast
  1725 | D:3      | XOM: harmless Conj miscast
  1729 | D:3      | Reached skill level 3 in Dodging
  1729 | D:3      | Gained mutation: You have razor-sharp teeth. [Vine Stalker
                  | growth]
  1729 | D:3      | Reached XP level 6. HP: 20/36 MP: 7/7
  1853 | D:3      | Reached skill level 4 in Dodging
  1927 | D:3      | XOM: summons 3 friendly demons
  1997 | D:3      | Reached skill level 5 in Dodging
  2071 | D:3      | Reached XP level 7. HP: 29/40 MP: 8/8
  2146 | D:3      | XOM: harmless Chrm miscast
  2173 | D:3      | XOM: cloud trail
  2412 | D:4      | Reached skill level 6 in Dodging
  2555 | D:4      | Noticed a hippogriff
  2566 | D:4      | XOM: harmless Tmut miscast
  2571 | D:4      | HP: 1/40 [hippogriff (4)]
  2571 | D:4      | XOM: smoke on damage
  2608 | D:4      | XOM: cloud trail
  2694 | D:4      | Found a staircase to the Ecumenical Temple.
  2720 | D:4      | XOM: 1-stop teleportation journey
  2766 | Temple   | Entered the Ecumenical Temple
  2850 | Temple   | XOM: cloud trail
  3299 | Temple   | Fell from the grace of Xom
  3299 | Temple   | Became a worshipper of Warmaster Okawaru
  3355 | D:4      | Noticed Sigmund
  3360 | D:4      | XOM: potion effect (brilliance)
  3366 | D:4      | Killed Sigmund
  3367 | D:4      | Reached skill level 7 in Dodging
  3429 | D:4      | XOM: smoke on damage
  3431 | D:4      | XOM: summons friendly iron imp
  3433 | D:4      | Killed a hippogriff
  3433 | D:4      | Reached * piety under Okawaru
  3434 | D:4      | Reached skill level 8 in Dodging
  3434 | D:4      | Gained mutation: Your bite drains your enemy's life force.
                  | [Twilight Stalker growth]
  3434 | D:4      | Gained mutation: Your stealth is less affected by armour.
                  | [Twilight Stalker growth]
  3434 | D:4      | Gained mutation: You are slightly more attuned to the
                  | shadows. [Twilight Stalker growth]
  3434 | D:4      | Reached XP level 8. HP: 14/45 MP: 8/9
  3701 | D:4      | XOM: god gift: 159 arrows
  3897 | D:5      | Entered Level 5 of the Dungeon
  3909 | D:5      | XOM: harmless Fire miscast
  3941 | D:5      | Noticed a hippogriff
  3949 | D:5      | XOM: enchant monster (good)
  3953 | D:5      | XOM: blink monster(s)
  3954 | D:5      | Killed a hippogriff
  3955 | D:5      | Reached skill level 9 in Dodging
  4036 | D:5      | Reached skill level 10 in Dodging
  4051 | D:5      | XOM: 1-stop teleportation journey
  4058 | D:5      | Reached skill level 1 in Invocations
  4552 | D:6      | Noticed Dowan
  4554 | D:6      | Noticed Duvessa
  4569 | D:6      | Killed Duvessa
  4570 | D:6      | Reached XP level 9. HP: 43/49 MP: 9/12
  4573 | D:6      | Killed Dowan
  4635 | D:6      | Reached ** piety under Okawaru
  4770 | D:6      | XOM: divination: detect items
  4880 | D:6      | Reached skill level 5 in Invocations
  4891 | D:6      | XOM: give mutations
  4891 | D:6      | Gained mutation: You are agile. (Dex +2) [Xom's grace]
  4891 | D:6      | Gained mutation: You are very agile. (Dex +4) [Xom's grace]
  5098 | D:6      | XOM: noise
  5534 | D:7      | HP: 1/49 [yak (4)]
  5574 | D:6      | Noticed a moth of wrath
  5574 | D:6      | a yak changed into a moth of wrath
  5574 | D:6      | XOM: polymorph yak -> moth of wrath
  5579 | D:6      | XOM: summons 3 hostile shadow creatures
  5579 | D:6      | Mangled by a moth of wrath

Skill      XL: |  1  2  3  4  5  6  7  8  9 |
---------------+----------------------------+-----
Stealth        | 2 3 5 6 7 |  7.8
Dodging        | 3 5 8 10 | 10.0
Invocations    | 3 6 |  6.4
Fighting       | |  2.6
Short Blades   | |  2.6
Armour         | |  0.7

Action                   |  1- 3 |  4- 6 |  7- 9 || total
-------------------------+-------+-------+-------++-------
Melee: Short sword       |   138 |   127 |    56 ||   321
       Bite              |    17 |    13 |    38 ||    68
       Unarmed           |       |    15 |       ||    15
       Scythe            |       |       |   116 ||   116
 Fire: Blowgun           |       |    41 |     1 ||    42
Throw: Stone             |       |     1 |    35 ||    36
Invok: Heroism           |       |       |     7 ||     7
  Use: Scroll            |       |     2 |     3 ||     5
       Potion            |       |       |     3 ||     3
 Stab: Sleeping          |     4 |     4 |    12 ||    20
       Confused          |       |     1 |       ||     1
       Petrifying        |       |     1 |       ||     1
       Paralysed         |       |       |     1 ||     1
       Petrified         |       |       |     1 ||     1
  Eat: Chunk             |     3 |     8 |    15 ||    26
       Ration            |       |       |     1 ||     1
Armor: Leather armour    |    40 |    40 |    41 ||   121
Dodge: Dodged            |    76 |    94 |   231 ||   401
